Map: Orbital Shipyard

Players

BlackTea

  • Race: Terran Terran
  • League: Diamond

ILLBdA - Winner!

  • Race: Protoss Protoss
  • League: Diamond

VOD

Have the link to the VOD?

Description

Time

  • Played on: Jan. 3, 2016, 7:28 a.m.
  • Length: 12:19
Show
View Real Time Build Order
Export as new Build Order

BlackTea Terran 

Build Orders: MMM Bio 

Get SALT Encoding   

  12  0:00  SCV  
  13  0:12  SCV  
  14  0:17  Supply Depot  
  14  0:25  SCV  
  15  0:39  SCV, Barracks  
  16  0:51  SCV  
  16  0:56  Supply Depot  
  17  1:03  SCV  
  18  1:15  SCV  
  19  1:27  Marine  
  19  1:28  Orbital Command  
  20  1:38  Command Center  
  20  1:46  Marine  
  21  1:55  SCV  
  22  2:03  Barracks  
  22  2:04  Barracks  
  22  2:08  Marine  
  22  2:09  SCV  
  24  2:19  Refinery x2  
  24  2:21  SCV  
  25  2:26  Marine  
  26  2:36  Bunker  
  25  2:38  SCV, Bunker  
  25  2:44  Marine  
  26  2:50  SCV  
  28  2:54  Barracks Tech Lab  
  28  3:03  Marine x2  
  30  3:13  Stimpack, Marine  
  31  3:20  Engineering Bay  
  31  3:29  Orbital Command  
  31  3:33  Marine  
  32  3:37  Marine  
  32  3:40  Marine  
  34  3:51  Missile Turret  
  34  4:01  Marine x3  
  35  4:13  SCV x2  
  36  4:19  Marine x3  
  39  4:25  SCV  
  40  4:36  Supply Depot  
  40  4:45  Supply Depot  
  39  4:58  Marine  
  38  5:06  SCV, Marine x2  
  41  5:15  Supply Depot  
  41  5:16  Marine  
  41  5:19  Factory  
  42  5:24  Marine x2  
  44  5:33  Marine  
  45  5:42  Marine x2  
  47  5:46  SCV x2  
  49  5:50  Supply Depot x2  
  49  5:51  Marine  
  50  6:00  Refinery  
  50  6:06  SCV x2  
  43  6:31  Factory Reactor  
  43  6:34  Starport  
  43  6:41  Bunker  
  43  6:42  Marine x3  
  46  6:51  Bunker  
  44  7:00  Marine x3  
  44  7:18  Marine  
  44  7:19  Medivac x2  
  43  7:23  Marine  
  41  7:34  SCV x2  
  42  7:41  Marauder, Marine  
  42  7:42  Combat Shields  
  45  7:48  Widow Mine  
  45  7:49  SCV  
  45  7:50  SCV  
  47  7:59  Marine  
  47  8:02  SCV x2  
  47  8:03  Marauder  
  52  8:09  Barracks  
  52  8:10  Barracks  
  52  8:11  Supply Depot  
  52  8:14  SCV x2  
  52  8:17  Marine  
  55  8:23  Terran Infantry Weapons Level 1  
  55  8:24  Marauder  
  55  8:26  SCV x2  
  59  8:27  Supply Depot  
  59  8:38  SCV  
  60  8:41  Command Center, Barracks Tech Lab  
  60  8:45  Marine  
  60  8:46  SCV  
  60  8:47  Barracks  
  62  8:50  SCV  
  63  8:57  Supply Depot, Barracks Tech Lab  
  63  8:58  Barracks Reactor  
  63  9:01  Refinery  
  63  9:03  SCV x2, Marauder  
  63  9:04  Concussive Shells  
  67  9:10  Marine  
  65  9:23  Marine  
  64  9:25  Marauder  
  64  9:28  Marine  
  66  9:37  SCV x2  
  68  9:38  Marine  
  68  9:41  Marine  
  68  9:45  Marine  
  69  9:46  Marauder  
  69  9:47  Marauder  
  73  9:54  Orbital Command  
  73  9:56  Marine  
  76  10:00  Marauder  
  76  10:05  Medivac x2  
  77  10:07  Barracks Tech Lab  
  77  10:12  Orbital Command  
  77  10:13  SCV x2  
  78  10:25  SCV x2  
  75  10:39  Armory  
  75  10:40  Marine  
  75  10:41  Marauder x2, Marine  
  81  10:43  SCV x3  
  81  10:48  Medivac x2  
  88  10:55  SCV x3  
  91  11:03  Supply Depot  
  91  11:04  Supply Depot  
  91  11:09  SCV x3  
  94  11:21  SCV x2  
  94  11:24  Marine x3  
  94  11:25  Marauder x2  
  84  11:44  Marine x2  
  84  11:45  Marauder x2  
  84  11:46  Marine  
  84  11:47  Marauder  
Show
View Real Time Build Order
Export as new Build Order

ILLBdA Protoss - Winner!

Build Orders:  

Get SALT Encoding   

  12  0:00  Probe (Chrono Boost)  
  13  0:11  Probe (Chrono Boost)  
  14  0:17  Pylon  
  14  0:22  Probe (Chrono Boost)  
  15  0:36  Gateway  
  15  0:38  Assimilator  
  15  0:41  Probe (Chrono Boost)  
  16  0:52  Probe (Chrono Boost)  
  17  1:02  Probe (Chrono Boost)  
  18  1:13  Probe (Chrono Boost)  
  19  1:23  Cybernetics Core, Probe (Chrono Boost)  
  20  1:31  Pylon  
  20  1:34  Probe (Chrono Boost)  
  20  1:35  Assimilator  
  21  1:44  Probe (Chrono Boost)  
  22  1:50  Gateway  
  22  1:51  Gateway  
  22  1:58  Mothership Core (Chrono Boost)  
  26  2:03  Adept (Chrono Boost)  
  26  2:09  Warp Gate  
  26  2:18  Probe  
  26  2:21  Pylon  
  27  2:28  Adept (Chrono Boost)  
  29  2:37  Adept (Chrono Boost)  
  29  2:43  Adept (Chrono Boost)  
  33  2:45  Pylon  
  33  2:49  Pylon  
  33  2:59  Pylon  
  31  3:14  Pylon  
  31  3:23  Adept (Chrono Boost)  
  31  3:25  Adept (Chrono Boost)  
  31  3:29  Robotics Facility  
  33  3:35  Stalker (Chrono Boost)  
  35  4:17  Immortal (Chrono Boost)  
  35  4:18  Stalker, Sentry  
  35  4:20  Stalker  
  37  4:49  Stalker x3  
  37  4:52  Immortal (Chrono Boost)  
  43  5:14  Pylon  
  43  5:16  Stalker  
  45  5:25  Warp Prism (Chrono Boost)  
  45  5:40  Sentry x2  
  49  5:47  Pylon  
  49  5:50  Stalker  
  51  6:14  Adept  
  51  6:15  Adept x2  
  51  6:31  Immortal (Chrono Boost)  
  55  7:25  Adept x2  
  59  7:34  Immortal (Chrono Boost)  
  59  7:53  Probe  
  60  7:59  Pylon  
  60  8:01  Nexus  
  60  8:02  Sentry, Forge, Pylon  
  62  8:08  Observer (Chrono Boost)  
  63  8:28  Twilight Council  
  63  8:31  Pylon  
  63  8:35  Probe  
  63  8:38  Photon Cannon  
  64  8:47  Probe, Protoss Ground Armor Level 1 (Chrono Boost)  
  65  8:54  Adept  
  65  8:55  Adept  
  69  9:02  Observer  
  70  9:09  Sentry  
  72  9:15  Sentry  
  74  9:22  Adept  
  72  9:35  Resonating Glaives  
  72  9:43  Probe  
  73  9:46  Assimilator  
  73  9:48  Assimilator  
  71  10:05  Adept  
  71  10:06  Adept x2  
  77  10:29  Adept x3  
  77  10:43  Pylon  
  77  10:49  Gateway  
  77  10:51  Gateway  
  77  10:53  Adept x2  
  81  11:20  Adept  
  71  11:46  Adept x3  
  75  12:10  Adept x2  
  75  12:11  Adept  
Tags
 
Composition
MMM Bio
Matchup
PvT
Replay Pack
me
Add a new tag
Caveats
  • Supply blocks, unpowered buildings, or Contaminate may cause inaccurate times.
  • Supply counts are checked every 10 seconds.